 Dungeon Crawl Stone Soup version 0.31-a0-263-ge8cad7f256 (webtiles) character file.

Game seed: 6350545080698250239

2578 lunkers the Martial Artist (level 10, -8/89 HPs)
             Began as a Meteoran Shapeshifter on July 13, 2023.
             Was an Initiate of Gozag.
             Mangled by a two-headed ogre
             ... wielding a +0 giant club
              (11 damage)
             ... on level 7 of the Dungeon.
             The game lasted 00:08:44 (3537 turns).

lunkers the Martial Artist (Meteoran Shapeshifter)  Turns: 3537, Time: 00:08:44

Health: -8/89      AC:  9    Str: 22    XL:     10   Next: 12%
Magic:  11/11      EV: 12    Int: 10    God:    Gozag
Gold:   389        SH:  0    Dex: 25    Spells: 9/9 levels left

rFire   . .          .
                       - Unarmed
rCold   . . .        (shield currently unavailable)
rNeg    . . .        a - melded +0 animal skin
rPois   +            (helmet currently unavailable)
rElec   .            (cloak currently unavailable)
rCorr   .            (gloves currently unavailable)
SInv    .            (boots currently unavailable)
Will    +....        (no amulet)
Stlth   +            v - ring of poison resistance
HPRegen 0.34/turn    t - +6 ring of dexterity
MPRegen 0.12/turn

%: no passive effects
@: lethally poisoned (-8 -> -12), snake-form, glowing
A: constrict, amphibious, boosted hp, large, sense surroundings 2, otherworldly,
glowing, explore regen
a: Begin Untransformation, Renounce Religion, Potion Petition, Call Merchant,
Bribe Branch


You were on level 7 of the Dungeon.
You worshipped Gozag.
Gozag was aware of your devotion.
You were an enormous anaconda.
You visited 2 branches of the dungeon, and saw 8 of its levels.

You collected 495 gold pieces.
You paid 106 gold pieces to Gozag.

Inventory:

Hand Weapons
 s - the +8 war axe of Fuliwk {speed, *Slow rPois rF+++ Stlth+}
   (You found it on level 4 of the Dungeon)

   rF:        It renders you almost immune to fire.
   rPois:     It protects you from poison.
   *Slow:     It may slow you when you take damage.
   Stlth:     It makes you more stealthy.
Armour
 a - a +0 animal skin (melded)
 m - a +0 cloak
Jewellery
 b - a ring of see invisible
 g - a ring of willpower
 t - a +6 ring of dexterity (right hand)
 v - a ring of poison resistance (left hand)
 x - a ring of fire
Talismans
 c - a beast talisman
 p - a serpent talisman
Scrolls
 h - a scroll of vulnerability
 j - 3 scrolls of enchant weapon
 k - 2 scrolls of teleportation
 o - 2 scrolls of poison
 r - a scroll of immolation
Potions
 d - a potion of heal wounds
 e - a potion of degeneration {unknown}
 f - 2 potions of mutation
 l - a potion of might {unknown}
 n - a potion of magic {unknown}
 q - 2 potions of enlightenment {unknown}
 u - 3 potions of brilliance
 w - a potion of attraction {unknown}
 z - a potion of cancellation {unknown}


   Skills:
 + Level 3.5 Fighting
 + Level 3.9 Dodging
 + Level 11.4 Unarmed Combat
 + Level 8.7 Shapeshifting


You had 9 spell levels left.
You didn't know any spells.
Your spell library contained the following spells:

 Spells                   Type           Power      Damage    Failure   Level
 Summon Small Mammal      Summ           0%         N/A       36%         1
 Call Canine Familiar     Summ           0%         N/A       75%         3
 Summon Guardian Golem    Hex/Summ       0%         N/A       75%         3


Dungeon Overview and Level Annotations

Branches:
Dungeon (7/15) Zot: 917    Temple (1/1) D:6 Zot: 381

Altars:
Ashenzari
Cheibriados
Dithmenos
Elyvilon
Fedhas
Gozag
Hepliaklqana
Kikubaaqudgha
Makhleb
Okawaru
Qazlal
Ru
Uskayaw
Wu Jian
Xom
Yredelemnul
The Shining One

Shops:
D:6 **


Innate Abilities, Weirdness & Mutations

You are an enormous anaconda.
You have a powerful constriction melee attack.
You are amphibious.
Your maximum health is increased.
Your armour is entirely melded.
You are incapable of wielding weapons or throwing items.
You passively map the area around you.
You are easily found by Zot.
You glow in the dark.
You regain HP and MP as you explore.


Message History

The boulder beetle is heavily wounded.
You constrict the boulder beetle.
An orc comes into view. It is wielding a +0 flail.
The boulder beetle bites you!!
* * * LOW HITPOINT WARNING * * *
The orc shouts!
You body-slam the boulder beetle!!
The boulder beetle is almost dead.
You constrict the boulder beetle, but do no damage.
A gnoll sergeant comes into view. It is wielding a +0 spear.
The boulder beetle closely misses you.
You body-slam the boulder beetle!!
You kill the boulder beetle!
Your Fighting skill increases to level 3!
Your Dodging skill increases to level 3!
You have reached level 10!
Okay, then.
Okay, then.
The gnoll bouda gazes fiercely through you!
You feel your attacks grow feeble.
The gnoll bouda hits the plant with a +0 whip!
The plant begins to die.
Your attacks no longer feel as feeble.
A kobold brigand comes into view.
It is wielding a +0 dagger and quivering poisoned darts.
The kobold brigand shouts!
The kobold brigand throws a poisoned dart.
The poisoned dart hits you!
You are poisoned.
You feel sick.
The two-headed ogre hits you with a +0 giant club!
* * * LOW HITPOINT WARNING * * *
The two-headed ogre hits you with a +0 giant club!
* * * LOW HITPOINT WARNING * * *
You hit the two-headed ogre but do no damage.
You grab the two-headed ogre. You constrict the two-headed ogre.
You feel sick.
The two-headed ogre hits you with a +0 giant club!!
* * * LOW HITPOINT WARNING * * *
The two-headed ogre hits you with a +0 giant club!
You die...
Your body crumbles into a pile of gold.

#..# ##..##......#### ##.##
#...........# ....###
............# ......###
...........## ........##
....K......# .........#
*...........# ........##
..........##
........##########.........#
...............OS..........###
...###################...#...##
...# ♣.♣ ** ,, , #.#####..##
.#.# ♣.♣ * * #. ##..## .#.# ♣.♣
* #. ##..# ...#♣♣.♣♣ , * *,#
###. .#.#♣...♣# *, ,* ##
...#...l.# ** # ##...PPPF#* $
,,


You could see a two-headed ogre and a kobold brigand.

Vanquished Creatures
  A boulder beetle (D:7)
  Sigmund (D:4)
  A vampire mosquito (D:7)
  2 black bears (D:5)
  A sky beast (D:7)
  4 ogres
  A phantom (D:6)
  2 scorpions
  3 killer bees (D:7)
  2 electric eels (D:7)
  A howler monkey (D:5)
  Crazy Yiuf (D:3)
  A gnoll bouda (D:6)
  A hound (D:5)
  An orc priest (D:4)
  2 sleepcaps
  Terence (D:2)
  Natasha (D:4)
  4 iguanas
  5 orc wizards
  5 adders
  8 gnolls
  2 shadow imps
  A white imp (D:5)
  4 worms
  2 dart slugs
  13 orcs
  3 ball pythons
  2 bats
  5 endoplasms
  A giant cockroach (D:1)
  3 goblins
  4 hobgoblins
  3 jackals (D:4)
  2 quokkas (D:4)
  6 kobolds
  9 rats
109 creatures vanquished.

Notes
Turn   | Place    | Note
-------+----------+-------------------------------------------
     0 | D:1      | lunkers the Meteoran Shapeshifter began the quest for the
                  | Orb.
     0 | D:1      | Reached XP level 1. HP: 17/17 MP: 2/2
   195 | D:1      | Reached skill level 3 in Unarmed Combat
   195 | D:1      | Reached XP level 2. HP: 24/24 MP: 3/3
   307 | D:1      | Found a faded altar of an unknown god.
   492 | D:2      | Noticed Terence
   503 | D:2      | Killed Terence
   504 | D:2      | Reached skill level 4 in Unarmed Combat
   504 | D:2      | Reached XP level 3. HP: 29/29 MP: 4/4
   504 | D:2      | Reached XP level 4. HP: 36/36 MP: 5/5
   799 | D:3      | Reached skill level 5 in Unarmed Combat
   876 | D:3      | Reached XP level 5. HP: 38/41 MP: 6/6
   937 | D:3      | Found a runed translucent door.
   938 | D:3      | Noticed Crazy Yiuf
   945 | D:3      | Killed Crazy Yiuf
   946 | D:3      | Reached skill level 6 in Unarmed Combat
  1438 | D:4      | Reached XP level 6. HP: 25/48 MP: 7/7
  1447 | D:4      | Noticed an ogre
  1453 | D:4      | Killed an ogre
  1454 | D:4      | Reached skill level 7 in Unarmed Combat
  1531 | D:4      | Noticed Sigmund
  1537 | D:4      | Killed Sigmund
  1538 | D:4      | Reached XP level 7. HP: 23/55 MP: 8/8
  1568 | D:4      | Reached skill level 5 in Shapeshifting
  1830 | D:4      | Identified the +8 war axe of Fuliwk {speed, *Slow rPois
                  | rF+++ Stlth+}
  1848 | D:4      | Reached skill level 8 in Unarmed Combat
  1997 | D:4      | Noticed Natasha
  2000 | D:4      | Killed Natasha
  2015 | D:5      | Entered Level 5 of the Dungeon
  2031 | D:5      | Reached XP level 8. HP: 28/61 MP: 9/9
  2104 | D:5      | Reached skill level 9 in Unarmed Combat
  2778 | D:6      | Gained mutation: You passively map the area around you.
                  | [Meteoran growth]
  2778 | D:6      | Reached XP level 9. HP: 64/67 MP: 10/10
  2779 | D:6      | Found a staircase to the Ecumenical Temple.
  2789 | Temple   | Entered the Ecumenical Temple
  2968 | Temple   | Became a worshipper of Gozag Ym Sagoz the Greedy
  3039 | D:6      | Found Qycsuidgh's General Store.
  3046 | D:6      | Found Kyluma's General Store.
  3127 | D:6      | Reached skill level 10 in Unarmed Combat
  3309 | D:7      | Found a shimmering altar of Xom.
  3462 | D:7      | Reached skill level 11 in Unarmed Combat
  3495 | D:7      | Noticed a boulder beetle
  3498 | D:7      | Noticed a two-headed ogre
  3508 | D:7      | Killed a boulder beetle
  3509 | D:7      | Reached XP level 10. HP: 37/77 MP: 11/11
  3537 | D:7      | HP: 3/89 [two-headed ogre/+0 giant club (20)]
  3537 | D:7      | Mangled by a two-headed ogre

Illustrated notes

Levels and vault maps discovered:
D:1:      dpeg_arrival_fog, layout_loops_cross,
          ebering_ecumenical_altar_sacrificial, serial_aquarium,
          aquarium_bridge_square [aquarium_subvault_window,
          aquarium_subvault_bridge, aquarium_subvault_balcony,
          aquarium_subvault_wall], aquarium_bridge_square
          [aquarium_subvault_window, aquarium_subvault_wall,
          aquarium_subvault_bridge, aquarium_subvault_balcony],
          aquarium_window_double, aquarium_window_corridor_3, aquarium_view_2d,
          aquarium_view_2g, minivault_27
D:2:      layout_loops_corners, minmay_pentomino_t4, uniq_terence
D:3:      layout_basic, item_on_display_a, uniq_crazy_yiuf_cottage
D:4:      layout_loops_corners, uniq_sigmund, uniq_natasha
D:5:      layout_cave_pods
D:6:      layout_rooms, minmay_temple_entry_waves, serial_shops, shop, shop,
          nicolae_shop_stone, minmay_misc_feat_more_columns
D:7:      nzn_winding_woodlands_small [nzn_winding_woodlands_5x15_concentric,
          nzn_winding_woodlands_center_pierced_h,
          nzn_winding_woodlands_5x15_garden], layout_cave_pods, minitemple,
          serial_bayou_pond_c, minivault_14
Temple:   nicolae_temple_elliptical

Skill      XL: |  1  2  3  4  5  6  7  8  9 |
---------------+----------------------------+-----
Unarmed Combat | 3 4 5 6 7 8 9 11 | 11.4
Shapeshifting  | 4 5 7 8 |  8.7
Fighting       | 3 |  3.5
Dodging        | 3 |  3.9

Action                     |  1- 3 |  4- 6 |  7- 9 | 10-12 || total
---------------------------+-------+-------+-------+-------++-------
  Melee: Unarmed           |    29 |    77 |   146 |     1 ||   253
         Punch             |       |     4 |       |       ||     4
         Constrict         |       |     3 |    26 |     1 ||    30
    Use: Potion            |     1 |     1 |       |       ||     2
         Scroll            |       |       |    10 |       ||    10
   Stab: Distracted        |       |       |     3 |       ||     3
 Armour: Animal skin       |     6 |     7 |       |       ||    13
         Skin              |     6 |     2 |    49 |       ||    57
  Dodge: Dodged            |    10 |    32 |    41 |       ||    83
   Form: Anaconda          |       |     1 |       |       ||     1

Table legend: (Time is in decaauts)
 A = Elapsed time spent in this place.
 B = Non-inter-level travel time spent in this place.
 C = Inter-level travel time spent in this place.
 D = Time resting spent in this place.
 E = Time spent auto-exploring this place.
 F = Levels seen in this place.
 G = Mean time per level.
                   A        B        C        D        E       F      G
               +--------+--------+--------+--------+--------+-----+--------+
         Total |   3500 |   3444 |     56 |     65 |   2541 |   8 |  437.5 |
       Dungeon |   3281 |   3225 |     56 |     31 |   2430 |   7 |  468.7 |
        Temple |    218 |    218 |      0 |     34 |    111 |   1 |  218.0 |
               +--------+--------+--------+--------+--------+-----+--------+

Top non-repeatable levels by time:
     D:5: 713 daAuts
     D:3: 663 daAuts
     D:4: 586 daAuts
     D:2: 384 daAuts
     D:1: 364 daAuts
     D:6: 293 daAuts
     D:7: 275 daAuts
  Temple: 218 daAuts
